 Dungeon Crawl Stone Soup version 0.29-a0-40-g8eb35efe60 (webtiles) character file.

Game seed: 1400108784127973758

1080 porpoise the Skirmisher (level 8, -6/68 HPs)
             Began as a Demonspawn Warper on Feb 2, 2022.
             Was an Initiate of Nemelex Xobeh.
             Mangled by an iguana (9 damage)
             ... on level 6 of the Dungeon.
             The game lasted 00:25:59 (6739 turns).

porpoise the Skirmisher (Demonspawn Warper)         Turns: 6739, Time: 00:26:03

Health: -6/68      AC: 19    Str: 13      XL:     8   Next: 8%
Magic:  11/11      EV:  7    Int: 13 (15) God:    Nemelex Xobeh [......]
Gold:   209        SH:  0    Dex: 19      Spells: 2/11 levels left

rFire   . . .      SeeInvis .   a - +7 club
rCold   . . .      Faith    .   (no shield)
rNeg    . . .      Spirit   .   G - +6 chain mail of Bitterness {Fly}
rPois   .          Reflect  .   q - +1 helmet
rElec   .          Harm     .   (no cloak)
rCorr   .          Rampage  .   F - +0 pair of gloves
Will    .....                   (no boots)
Stlth   ..........              (no amulet)
HPRegen 0.21/turn               k - +6 ring of dexterity
MPRegen 0.12/turn               (no ring)

@: flying
A: slimy green scales 1, demonic guardian 1, demonic touch 1, deterioration 1,
sense surroundings 1, screaming 2
a: Renounce Religion, Draw Escape, Draw Destruction, Draw Summoning


You were on level 6 of the Dungeon.
You worshipped Nemelex Xobeh.
Nemelex Xobeh was noncommittal.
You visited 2 branches of the dungeon, and saw 7 of its levels.

You collected 209 gold pieces.

Inventory:

Hand Weapons
 a - a +7 club (weapon)
 b - a +1 hunting sling
 y - a +0 spear
Missiles
 c - 2 poisoned darts
 d - 5 boomerangs of dispersal (quivered)
 e - 268 stones
 l - 17 arrows
 r - 3 curare-tipped darts
 w - 2 javelins
 C - 40 bolts
Armour
 q - a +1 helmet (worn)
 z - the +0 cloak of Dithmenos's Pride {Harm rN++ Slay+3}
   (You found it on level 4 of the Dungeon)

   Slay:      It affects your accuracy & damage with ranged weapons and melee
   (+3).
   rN:        It greatly protects you from negative energy.
   Harm:      It increases damage dealt and taken.
 F - a +0 pair of gloves (worn)
 G - the +6 chain mail of Bitterness (worn) {Fly}
   (You found it on level 5 of the Dungeon)

   Fly:       It grants you flight.
Jewellery
 k - a +6 ring of dexterity (left hand)
 A - an amulet of guardian spirit
Wands
 f - a wand of acid (10)
 j - a wand of polymorph (6)
Scrolls
 g - a scroll of enchant weapon
 i - a scroll of noise {unknown}
 o - a scroll of blinking
 s - a scroll of acquirement {unknown}
 t - a scroll of teleportation
 u - 4 scrolls of fear
 v - a scroll of immolation
 x - a scroll of summoning
 B - a scroll of holy word {unknown}
 D - a scroll of brand weapon {unknown}
 I - 3 scrolls of magic mapping {unknown}
 J - a scroll of amnesia {unknown}
Potions
 h - 2 potions of invisibility
 m - a potion of heal wounds
 n - a potion of brilliance
 p - 2 potions of curing
 E - a potion of attraction {unknown}
 H - a potion of might {unknown}


   Skills:
 + Level 7.8 Fighting
 + Level 2.9 Polearms
 - Level 0.8 Throwing
 - Level 0.8 Armour
 + Level 3.5 Dodging
 - Level 3.0 Unarmed Combat
 - Level 2.0 Spellcasting
 - Level 2.6 Translocations


You had 2 spell levels left.
You knew the following spells:

 Your Spells              Type           Power      Damage    Failure   Level
c - Fulminant Prism       Conj/Hex       0%         3d6       100%        4
k - Blink                 Tloc           16%        N/A       99%         2
s - Sandblast             Erth           2%         2d4       100%        1
w - Wereblood             Tmut           1%         N/A       100%        2

Your spell library contained the following spells:

 Spells                   Type           Power      Damage    Failure   Level
 Apportation              Tloc           16%        N/A       96%         1
 Animate Skeleton         Necr           2%         N/A       100%        1
 Beastly Appendage        Tmut           2%         N/A       100%        1
 Magic Dart               Conj           4%         1d3       100%        1
 Shock                    Conj/Air       4%         1d3       100%        1
 Summon Small Mammal      Summ           4%         N/A       100%        1
 Passwall                 Tmut/Erth      0%         N/A       100%        2
 Searing Ray              Conj           2%         2d4       100%        2
 Gell's Gravitas          Tloc           8%         N/A       100%        3
 Lesser Beckoning         Tloc           8%         N/A       100%        3
 Spider Form              Tmut/Pois      1%         N/A       100%        3
 Stone Arrow              Conj/Erth      2%         3d7       100%        3
 Swiftness                Air            1%         N/A       100%        3
 Teleport Other           Tloc           8%         N/A       100%        3
 Airstrike                Air            0%         N/A       100%        4
 Manifold Assault         Tloc           8%         N/A       100%        5
 Necromutation            Tmut/Necr      0%         N/A       100%        8


Dungeon Overview and Level Annotations

Branches:
Dungeon (6/15)             Temple (1/1) D:5

Altars:
Ashenzari
Cheibriados
Elyvilon
Fedhas
Gozag
Hepliaklqana
Kikubaaqudgha
Makhleb
Nemelex Xobeh
Okawaru
Qazlal
Ru
Sif Muna
Trog
Uskayaw
Vehumet
Wu Jian
Yredelemnul
Zin
The Shining One


Innate Abilities, Weirdness & Mutations

You are partially covered in slimy green scales. (AC +2)
A weak demonic guardian rushes to your aid.
Your touch may inflict minor irresistible damage on your foes.
Your body sometimes deteriorates upon taking damage.
You passively map a small area around you.
You frequently scream uncontrollably at your foes.


Message History

Something hits your shadow imp.
You hear some strange, mumbled words.
Your shadow imp appears confused.
Your shadow imp barely misses you.
Something hits your shadow imp.
Your shadow imp hits you but does no damage.
Something closely misses your shadow imp.
Your shadow imp barely misses you.
Something hits your shadow imp. Something hits your shadow imp.
Your shadow imp disappears in a puff of smoke!
You sock something!
Reactivating autopickup.
You feel a bit more experienced.
You barely miss the orc. The orc hits you but does no damage. x2
You barely miss the orc. Your touch misses the orc. The orc barely misses you.
You hit the orc. Your touch misses the orc.
The orc is heavily wounded.
The orc hits you but does no damage.
You barely miss the orc.
The orc is heavily wounded.
The orc hits you but does no damage. x2; You are electrocuted!
You closely miss the orc. You punch the orc.
The orc is severely wounded.
The orc hits you with a +2 short sword of electrocution.
You are electrocuted!!
* * * LOW HITPOINT WARNING * * *
A demonic guardian appears!
You closely miss the orc.
You touch the orc.
You kill the orc!
You barely miss the iguana.
You touch the iguana.
The iguana is lightly wounded.
The iguana bites you but does no damage.
You hit the iguana but do no damage. Your touch misses the iguana.
You punch the iguana, but do no damage.
The iguana is lightly wounded.
The iguana bites you but does no damage.
The iguana bites you!
You die...
Your body disappears without a glow.

* .......* *
,....., *
.....,*, ***
,..., * ,,
,.(., #,* *#.#
# #.## *#)#.#
... #l#.# #
### * # ,
#.##@#.##.#
#.. ,.
#.##...5.....#
#.#* *#
#.........####
#.#####
#######.###
#####.##...
##.##
#.......... *
#..<#
#.###......
#...#
#.###.#..## ,,
#...#
#........## *
#...#
#.##..#.###


You could see an iguana (ally target) and a friendly white imp (summoned).

Vanquished Creatures
  A hornet (D:5)
  A water moccasin (D:6)
  A black bear (D:5)
  A scorpion (D:5)
  A bullfrog zombie (D:6)
  3 orc priests
  2 hounds
  2 jellies
  A centaur skeleton (D:4)
  2 iguanas
  An orc wizard (D:6)
  A hound zombie (D:5)
  A hound skeleton (D:5)
  7 adders
  3 gnolls (D:4)
  A howler monkey skeleton (D:4)
  A white imp (D:5)
  2 worms
  2 dart slugs
  10 orcs
  4 endoplasms
  3 giant cockroaches (D:1)
  13 hobgoblins
  5 jackals (D:3)
  3 quokkas
  3 ball pythons
  7 bats
  2 frilled lizards
  14 goblins
  A goblin skeleton (D:3)
  7 kobolds
  A kobold skeleton (D:3)
  5 rats
112 creatures vanquished.

Vanquished Creatures (collateral kills)
  An iguana (D:5)
  Robin (D:4)
  2 goblins (D:4)
4 creatures vanquished.

Grand Total: 116 creatures vanquished

Notes
Turn   | Place    | Note
-------+----------+-------------------------------------------
     0 | D:1      | porpoise the Demonspawn Warper began the quest for the Orb.
     0 | D:1      | Reached XP level 1. HP: 16/16 MP: 3/3
   287 | D:1      | Gained mutation: You are partially covered in slimy green
                  | scales. (AC +2) [demonic ancestry]
   287 | D:1      | Reached XP level 2. HP: 13/23 MP: 5/5
  1038 | D:1      | Reached skill level 3 in Fighting
  1654 | D:2      | Gained mutation: Your touch may inflict minor irresistible
                  | damage on your foes. [demonic ancestry]
  1654 | D:2      | Reached XP level 3. HP: 24/29 MP: 6/6
  1847 | D:2      | Reached skill level 4 in Fighting
  2275 | D:3      | Found a hazy altar of Hepliaklqana.
  2362 | D:3      | Reached XP level 4. HP: 31/37 MP: 7/7
  2533 | D:3      | Found a faded altar of an unknown god.
  2611 | D:3      | Reached skill level 5 in Fighting
  2848 | D:3      | Got Hebaecs's Guide on Unstable Darkness
  2873 | D:3      | Gained mutation: A weak demonic guardian rushes to your
                  | aid. [demonic ancestry]
  2873 | D:3      | Reached XP level 5. HP: 21/44 MP: 8/8
  3149 | D:3      | Found a runed translucent door.
  3149 | D:3      | Noticed a human
  3193 | D:3      | Found a basalt altar of Yredelemnul.
  3566 | D:4      | Reached skill level 6 in Fighting
  3670 | D:4      | Noticed Robin
  3691 | D:4      | Reached XP level 6. HP: 17/52 MP: 9/9
  3696 | D:4      | Killed Robin
  4070 | D:4      | Found a sparkling altar of Nemelex Xobeh.
  4391 | D:4      | Gained mutation: You have hidden genetic defects. [potion
                  | of mutation]
  4391 | D:4      | Gained mutation: You passively map a small area around you.
                  | [potion of mutation]
  4391 | D:4      | Gained mutation: Your body sometimes deteriorates upon
                  | taking damage. [potion of mutation]
  4391 | D:4      | HP: 2/53 [gnoll (5)]
  4404 | D:5      | Entered Level 5 of the Dungeon
  4698 | D:5      | Learned a level 2 spell: Blink
  4701 | D:5      | Learned a level 2 spell: Wereblood
  4706 | D:5      | Learned a level 4 spell: Fulminant Prism
  4708 | D:5      | Found a radiant altar of Vehumet.
  4731 | D:5      | Reached skill level 7 in Fighting
  4879 | D:5      | Found a large runed translucent door.
  4879 | D:5      | Found a large runed translucent door.
  4975 | D:5      | Noticed a hornet
  5206 | D:5      | Gained mutation: You occasionally shout uncontrollably at
                  | your foes. [hidden defects]
  5262 | D:5      | Reached skill level 1 in Unarmed Combat
  5317 | D:5      | Found a staircase to the Ecumenical Temple.
  5335 | D:5      | Reached XP level 7. HP: 56/60 MP: 10/10
  5352 | D:5      | Gained mutation: You frequently scream uncontrollably at
                  | your foes. [hidden defects]
  5352 | D:5      | Lost mutation: You have hidden genetic defects. [hidden
                  | defects expressed]
  5372 | Temple   | Entered the Ecumenical Temple
  5516 | D:4      | Became a worshipper of Nemelex Xobeh the Trickster
  5698 | D:4      | Identified the +0 cloak of Dithmenos's Pride {Harm rN++
                  | Slay+3}
  5947 | D:5      | Killed a hornet
  6110 | D:5      | Identified the +6 chain mail of Bitterness {Fly}
  6373 | D:5      | Found a blossoming altar of Fedhas.
  6387 | D:5      | Learned a level 1 spell: Sandblast
  6657 | D:6      | Reached XP level 8. HP: 61/68 MP: 11/11
  6736 | D:6      | HP: 2/68 [orc (20)]
  6739 | D:6      | Mangled by an iguana

Illustrated notes

Levels and vault maps discovered:
D:1:      dpeg_arrival_lava_temple_mockup, layout_basic,
          hangedman_decor_diamond_cutter
D:2:      layout_basic
D:3:      layout_basic, dk_yredelemnul_ordeal, mainiacjoe_overflow_24_doors,
          ebering_ecumenical_altar_hall, minmay_between
D:4:      layout_loops_ring, mainiacjoe_overflow_brackets, zin_academy,
          grunt_ministairs_9, kennysheep_another_room,
          chequers_serial_rivers_small_b, minmay_close_crescents, uniq_robin
D:5:      layout_basic, nicolae_vehumet_radiance, jmf_multi_god_temple2,
          minmay_temple_entry_proselytizer
D:6:      layout_loops_cross, minmay_misc_feat_ornament, uniq_maggie
Temple:   cyrus_circular_temple

Skill      XL: |  1  2  3  4  5  6  7 |
---------------+----------------------+-----
Polearms       | 2 |  2.9
Fighting       | 3 4 5 6 7 |  7.8
Dodging        | 2 3 |  3.5
Unarmed Combat | 1 3 |  3.0
Throwing       | |  0.8
Armour         | |  0.8
Spellcasting   | |  2.0
Translocations | |  2.6

Action                   |  1- 3 |  4- 6 |  7- 9 || total
-------------------------+-------+-------+-------++-------
Melee: Spear             |   170 |   174 |       ||   344
       Touch             |     8 |    35 |    13 ||    56
       Punch             |     1 |     2 |     3 ||     6
       Club              |       |    52 |    63 ||   115
 Fire: Hunting sling     |     4 |     7 |     8 ||    19
Evoke: Wand              |       |       |     2 ||     2
  Use: Potion            |       |     2 |       ||     2
       Scroll            |       |     1 |    10 ||    11
 Stab: Sleeping          |     1 |       |       ||     1
       Distracted        |       |     1 |       ||     1
Armor: Leather armour    |     3 |       |       ||     3
       Ring mail         |    62 |   114 |    10 ||   186
       Chain mail        |       |       |    51 ||    51
Dodge: Dodged            |    59 |   107 |    21 ||   187

Table legend: (Time is in decaauts)
 A = Elapsed time spent in this place.
 B = Non-inter-level travel time spent in this place.
 C = Inter-level travel time spent in this place.
 D = Time resting spent in this place.
 E = Time spent auto-exploring this place.
 F = Levels seen in this place.
 G = Mean time per level.
                   A        B        C        D        E       F      G
               +--------+--------+--------+--------+--------+-----+--------+
         Total |   6769 |   6491 |    278 |   1795 |   3490 |   7 |  967.0 |
       Dungeon |   6710 |   6441 |    269 |   1795 |   3448 |   6 | 1118.3 |
        Temple |     59 |     50 |      9 |      0 |     42 |   1 |   59.0 |
               +--------+--------+--------+--------+--------+-----+--------+

Top non-repeatable levels by time:
     D:5: 1529 daAuts
     D:4: 1394 daAuts
     D:1: 1240 daAuts
     D:3: 1233 daAuts
     D:2: 1008 daAuts
     D:6: 303 daAuts
  Temple: 59 daAuts
